 Dungeon Crawl Stone Soup version 0.21-a0-225-g207ae17 (webtiles) character file.

15653 sveltemanboy the Black Belt (level 12, -1/86 HPs)
             Began as a Demonspawn Monk on Aug 29, 2017.
             Was the Champion of Okawaru.
             Slain by a seven-headed hydra (7 damage)
             ... on level 2 of the Lair of Beasts.
             The game lasted 00:34:44 (12907 turns).

sveltemanboy the Black Belt (Demonspawn Monk)      Turns: 12907, Time: 00:34:46

Health: -1/86      AC: 11    Str: 20      XL:     12   Next: 3%
Magic:  15/15      EV: 12    Int: 10 (11) God:    Okawaru [******]
Gold:   514        SH:  6    Dex: 18      Spells: 11/11 levels left

rFire    . . .     SeeInvis .     - Unarmed
rCold    + . .     Gourm    .   C - +1 buckler {rC+}
rNeg     + . .     Faith    .   e - +5 ring mail of Absolutism {rN+ MR+ Slay+3}
rPois    +         Spirit   .   i - +2 hat
rElec    .         Reflect  .   o - +0 cloak {rPois}
rCorr    .         Harm     .   (no gloves)
MR       ++...                  (no boots)
Stlth    +.........             p - amulet of magic regeneration
HPRegen  0.24/turn              A - ring of protection from magic
MPRegen  0.39/turn              y - +3 ring of strength

@: no status effects
A: antennae 2, claws 2, talons 2, blink, deformed body, demonic guardian 1,
deterioration 1, strong 1, wild magic 1
a: Blink, Heroism, Finesse, Renounce Religion


You were on level 2 of the Lair of Beasts.
You worshipped Okawaru.
Okawaru was exalted by your worship.
You were not hungry.

You visited 2 branches of the dungeon, and saw 12 of its levels.

You collected 793 gold pieces.
You spent 279 gold pieces at shops.

Inventory:

Missiles
 n - a throwing net (quivered)
Armour
 e - the +5 ring mail of Absolutism (worn) {rN+ MR+ Slay+3}
   (You bought it in a shop on level 7 of the Dungeon)

   It affects your accuracy and damage with ranged weapons and melee attacks
   (+3).
   It protects you from negative energy.
   It affects your resistance to hostile enchantments.
 i - a +2 hat (worn)
 o - a +0 cloak of poison resistance (worn)
 C - a +1 buckler of cold resistance (worn)
Jewellery
 a - an uncursed ring of resist corrosion
 g - an uncursed ring of protection from cold
 p - an amulet of magic regeneration (around neck)
 y - a +3 ring of strength (right claw)
 A - a ring of protection from magic (left claw)
 B - an uncursed ring of positive energy
Wands
 b - a wand of paralysis (20/24)
 d - a wand of confusion (26/48)
 s - a wand of iceblast (11/15)
 G - a wand of clouds (3/9)
Scrolls
 f - 6 scrolls of remove curse
 k - 5 scrolls of identify
 l - 2 scrolls of recharging
 m - 9 scrolls of teleportation
 t - 2 scrolls of enchant armour
 u - a scroll of fog
 w - 2 scrolls of blinking
Potions
 h - 4 potions of curing
 v - a potion of cancellation
 x - a potion of flight
 z - a potion of might
 E - a potion of agility
 F - a potion of magic
 H - a potion of heal wounds
Comestibles
 c - 8 bread rations
 j - 2 chunks of flesh
 q - 6 royal jellies
 r - 13 meat rations
 D - 6 fruits


   Skills:
 - Level 5.1 Fighting
   Level 3.0 Long Blades
 - Level 3.0 Armour
 - Level 2.6 Dodging
 - Level 1.7 Stealth
 - Level 4.0 Shields
 * Level 15.2 Unarmed Combat
 - Level 3.3 Invocations
 + Level 4.4 Evocations


You had 11 spell levels left.
You didn't know any spells.

Dungeon Overview and Level Annotations

Branches:
Dungeon (10/15)            Temple (0/1) D:5            Lair (2/6) D:8
 Shoals (0/4) Lair:2          Orc (0/2) D:10
  Snake: Lair:2-4    Spider: Lair:2-4

Altars:
Cheibriados
Dithmenos
Elyvilon
Okawaru
Sif Muna
Uskayaw
Xom

Shops:
D:7 [


Innate Abilities, Weirdness & Mutations

You have a pair of antennae on your head.
You have very sharp fingernails.
You have razor-sharp toenails.
A weak demonic guardian rushes to your aid.
You can translocate small distances at will.
Armour fits poorly on your strangely shaped body.
Your body sometimes deteriorates upon taking damage.
Your muscles are strong. (Str +2)
Your spells are a little harder to cast, but a little more powerful.


Message History

You block the seven-headed hydra's attack.
The seven-headed hydra closely misses you.
The seven-headed hydra bites you but does no damage.
Evoke which item? (* to show all) (? for menu, Esc to quit)
Aiming: Paralyse (will waste charges)
Press: ? - help, Shift-Dir - straight line, f/p - seven-headed hydra
Aim: a seven-headed hydra (moderately wounded, chance to defeat MR: 25%)
The seven-headed hydra resists with almost no effort.
Evoking this partially-identified wand wasted a few charges.
Your ufetubus hits the seven-headed hydra. x2
You block the seven-headed hydra's attack. x2
The seven-headed hydra barely misses you.
The seven-headed hydra bites you!
* * * LOW HITPOINT WARNING * * *
The seven-headed hydra bites you.
* * * LOW HITPOINT WARNING * * *
The seven-headed hydra bites you.
* * * LOW HITPOINT WARNING * * *
The seven-headed hydra bites you!
You die...

...... ..... ≈. .. ......
..... #. #........ ......
### ##... .... ...... ..≈≈
##....##..##.... .≈#.
#P..........$.# ≈≈..
#..#....5D...#.P# ≈≈
#.#.....@.....# ##
##.P....§......P# #.
#..P.........#.+. ...P #.
#..P.........# ..# #.
##...........P.# ###.###.
#....##...##+..####.#..#P.
#....5....................
##........................
#.<.......................


You could see a seven-headed hydra and a friendly ufetubus.

Vanquished Creatures
  Gastronok (Lair:2)
  An unseen horror (D:10)
  2 black mambas
  2 spiny frogs
  A rime drake (Lair:2)
  A komodo dragon (Lair:2)
  Grinder (D:4)
  4 hippogriffs
  21 yaks
  2 hungry ghosts
  2 water moccasins (Lair:1)
  Duvessa (D:5)
  A black bear (D:7)
  A swamp drake (D:10)
  4 sky beasts
  A hornet zombie (D:6)
  8 orc warriors
  2 ice beasts
  13 ogres
  2 phantoms
  2 centaurs
  A necrophage (D:9)
  12 wolves
  A crocodile (Lair:2)
  7 bullfrogs
  2 big kobolds
  Dowan (D:5)
  A wyvern skeleton (D:6)
  3 scorpions
  10 killer bees
  A howler monkey (D:6)
  2 electric eels
  A centaur zombie (D:9)
  4 crimson imps
  A jelly (D:5)
  A bullfrog skeleton (D:8)
  A bullfrog zombie (D:6)
  8 orc wizards
  Crazy Yiuf (D:7)
  A gnoll shaman (D:6)
  4 orc priests
  8 hounds
  A centaur skeleton (D:9)
  3 iguanas
  Ijyb (D:5)
  3 worker ants
  16 gnolls
  13 adders
  2 shadow imps (D:7)
  An ooze (D:3)
  6 worms
  3 dart slugs
  5 leopard geckos
  61 orcs
  A ball python (D:3)
  3 bats
  9 giant cockroaches
  5 goblins
  8 hobgoblins
  4 jackals (D:2)
  5 quokkas
  13 frilled lizards
  12 kobolds
  6 rats
  A plant (D:3)
326 creatures vanquished.

Vanquished Creatures (collateral kills)
  A deep elf mage (D:10)
  A hippogriff (Lair:2)
  Edmund (D:5)
  An ogre (D:7)
  A killer bee (D:7)
  2 hounds
  A hound zombie (D:5)
  An ooze (D:5)
  3 orcs
  A kobold (D:9)
13 creatures vanquished.

Vanquished Creatures (others)
  A fungus (Lair:2)
1 creature vanquished.

Grand Total: 340 creatures vanquished

Notes
Turn   | Place    | Note
-------+----------+-------------------------------------------
     0 | D:1      | sveltemanboy the Demonspawn Monk began the quest for the Orb.
     0 | D:1      | Reached XP level 1. HP: 18/18 MP: 1/1
   454 | D:1      | Reached skill level 1 in Armour
   454 | D:1      | Gained mutation: You have sharp fingernails. [demonic ancestry]
   454 | D:1      | Reached XP level 2. HP: 24/24 MP: 2/2
   637 | D:1      | Reached skill level 1 in Unarmed Combat
  1104 | D:2      | Gained mutation: You have sharp toenails. [demonic ancestry]
  1104 | D:2      | Reached XP level 3. HP: 25/29 MP: 3/3
  1167 | D:2      | Reached skill level 2 in Unarmed Combat
  1475 | D:2      | Reached XP level 4. HP: 34/35 MP: 4/4
  1536 | D:2      | Found a snail-covered altar of Cheibriados.
  1723 | D:3      | Noticed a centaur
  1747 | D:3      | Killed a centaur
  1747 | D:3      | Reached skill level 3 in Unarmed Combat
  1747 | D:3      | Gained mutation: You have a pair of small antennae on your head. [demonic ancestry]
  1747 | D:3      | Reached XP level 5. HP: 29/41 MP: 5/5
  2275 | D:3      | Reached skill level 4 in Unarmed Combat
  2788 | D:3      | Gained mutation: A weak demonic guardian rushes to your aid. [demonic ancestry]
  2788 | D:3      | Reached XP level 6. HP: 47/47 MP: 6/6
  3278 | D:4      | Reached skill level 5 in Unarmed Combat
  3402 | D:4      | Noticed a hand axe
  3402 | D:4      | Noticed a hand axe
  3404 | D:4      | Found a hide-covered altar of Uskayaw.
  3476 | D:4      | Found an iron altar of Okawaru.
  3823 | D:4      | Became a worshipper of Warmaster Okawaru
  3823 | D:4      | Reached * piety under Okawaru
  3823 | D:4      | Reached ** piety under Okawaru
  4080 | D:4      | Noticed Grinder
  4096 | D:4      | Killed Grinder
  4096 | D:4      | Reached skill level 6 in Unarmed Combat
  4096 | D:4      | Reached XP level 7. HP: 47/52 MP: 8/8
  4124 | D:5      | Entered Level 5 of the Dungeon
  4124 | D:5      | Noticed Edmund
  4149 | D:5      | Killed Edmund
  4292 | D:5      | Found a staircase to the Ecumenical Temple.
  4370 | D:5      | Reached skill level 7 in Unarmed Combat
  4408 | D:5      | Noticed Duvessa
  4410 | D:5      | Noticed Dowan
  4421 | D:5      | Killed Duvessa
  4421 | D:5      | Gained mutation: You have a pair of antennae on your head. [demonic ancestry]
  4421 | D:5      | Reached XP level 8. HP: 32/58 MP: 10/10
  4435 | D:5      | Killed Dowan
  4744 | D:5      | Reached *** piety under Okawaru
  4840 | D:5      | Noticed Ijyb
  4854 | D:5      | Killed Ijyb
  4854 | D:5      | Reached skill level 8 in Unarmed Combat
  5424 | D:6      | Found a shimmering altar of Xom.
  5732 | D:6      | Reached skill level 9 in Unarmed Combat
  6494 | D:6      | Reached XP level 9. HP: 48/63 MP: 11/11
  6538 | D:6      | Gained mutation: Your muscles are strong. (Str +2) [potion of mutation]
  6538 | D:6      | Gained mutation: Your spells are a little harder to cast, but a little more powerful. [potion of mutation]
  6575 | D:7      | Reached skill level 10 in Unarmed Combat
  6704 | D:7      | Found Ranouh's Antique Armour Boutique.
  6712 | D:7      | Bought a smoking ring mail for 279 gold pieces
  6722 | D:7      | Identified the +5 ring mail of Absolutism {rN+ MR+ Slay+3} (You bought it in a shop on level 7 of the Dungeon)
  6766 | D:7      | Reached **** piety under Okawaru
  7084 | D:7      | Reached skill level 11 in Unarmed Combat
  7116 | D:7      | Found a white marble altar of Elyvilon.
  7149 | D:7      | Found a runed door.
  7153 | D:7      | Noticed Crazy Yiuf
  7156 | D:7      | Killed Crazy Yiuf
  7907 | D:8      | Found a staircase to the Lair.
  7908 | D:8      | Found a deep blue altar of Sif Muna.
  7911 | D:8      | Reached ***** piety under Okawaru
  8016 | D:8      | Reached skill level 12 in Unarmed Combat
  8267 | D:8      | Reached XP level 10. HP: 70/70 MP: 12/12
  8307 | D:8      | Found a snail-covered altar of Cheibriados.
  8437 | D:8      | Found a shadowy altar of Dithmenos.
  9307 | D:9      | Reached skill level 13 in Unarmed Combat
  9325 | D:9      | Received a gift from Okawaru
  9448 | D:9      | Reached skill level 1 in Shields
  9465 | D:9      | Gained mutation: You can translocate small distances at will. [mutagenic meat]
  9466 | D:9      | Gained mutation: Armour fits poorly on your strangely shaped body. [mutagenic meat]
  9467 | D:9      | Gained mutation: Your body sometimes deteriorates upon taking damage. [mutagenic meat]
  9469 | D:9      | Gained mutation: You have very sharp fingernails. [mutagenic meat]
  9470 | D:9      | Gained mutation: You have razor-sharp toenails. [mutagenic meat]
  9691 | D:10     | Entered Level 10 of the Dungeon
  9731 | D:10     | Noticed a deep elf mage
  9741 | D:10     | Killed a deep elf mage
 10065 | D:10     | Killed an unseen horror
 10338 | D:10     | Mutation became permanent: You have sharp toenails. [demonic ancestry]
 10338 | D:10     | Gained mutation: You have razor-sharp toenails. [demonic ancestry]
 10338 | D:10     | Reached XP level 11. HP: 76/76 MP: 13/13
 10812 | D:10     | Found a staircase to the Orcish Mines.
 11024 | Lair:1   | Entered Level 1 of the Lair of Beasts
 11025 | Lair:1   | Identified a scroll of acquirement
 11245 | Lair:1   | Reached skill level 14 in Unarmed Combat
 11581 | Lair:1   | Reached skill level 5 in Fighting
 11654 | Lair:1   | Reached skill level 1 in Evocations
 11806 | Lair:1   | Received a gift from Okawaru
 11916 | Lair:1   | Got a polished hunting sling {god gift}
 11917 | Lair:1   | Identified the +1 hunting sling of Deformation {velocity, rPois} (Okawaru gifted it to you on level 1 of the Lair of Beasts)
 12831 | Lair:2   | Found a staircase to the Shoals.
 12833 | Lair:2   | Noticed Gastronok
 12841 | Lair:2   | Killed Gastronok
 12841 | Lair:2   | Reached ****** piety under Okawaru
 12841 | Lair:2   | Reached skill level 15 in Unarmed Combat
 12841 | Lair:2   | Reached XP level 12. HP: 70/86 MP: 13/15
 12901 | Lair:2   | Noticed a seven-headed hydra
 12907 | Lair:2   | Slain by a seven-headed hydra

Vault maps used:
D:1:      dpeg_arrival_chase, nrook_loot_triangle, minmay_pentomino_t2
D:2:      nicolae_overflow_crystal_walls
D:3:      serial_bayou_ford_a
D:4:      dancing_weapons_uskayaw, okawaru_trees_1, uniq_grinder
D:5:      minmay_temple_entry_crystal_x, first_bread, uniq_ijyb, uniq_duvessa,
          uniq_edmund
D:6:      xom_teletrap_fun
D:7:      elyvilon_altar_3, serial_shops, shop, grunt_ogre_cave,
          uniq_crazy_yiuf_cottage
D:8:      overflow_temple_1_default, nicolae_overflow_hidden_temple,
          lair_entry_dummy, special_room, minivault_14, chei_slow_surprise
D:10:     kennysheep_blocky_hall, erik_orc_1
Lair:1:   st_stairs_9
Lair:2:   elwin_shoals_entry_rocks, serial_bayou_shore_a, uniq_sonja,
          uniq_gastronok

Skill      XL: |  1  2  3  4  5  6  7  8  9 10 11 |
---------------+----------------------------------+-----
Long Blades    | 3 |  3.0
Armour         | 1 2 3 |  3.0
Unarmed Combat | 1 2 3 4 6 7 9 12 13 15 | 15.2
Invocations    | 2 3 |  3.3
Shields        | 4 |  4.0
Fighting       | 5 |  5.1
Evocations     | 4 |  4.4
Dodging        | |  2.6
Stealth        | |  1.7

Action                   |  1- 3 |  4- 6 |  7- 9 | 10-12 || total
-------------------------+-------+-------+-------+-------++-------
Melee: Falchion          |   110 |       |       |       ||   110
       Unarmed           |    60 |   206 |   326 |   374 ||   966
       Kick              |    22 |    75 |    99 |   134 ||   330
       Punch             |     1 |     5 |    14 |    11 ||    31
       Short sword       |       |    36 |       |       ||    36
Invok: Heroism           |       |       |     1 |     1 ||     2
Evoke: Wand              |       |     1 |       |     3 ||     4
  Use: Potion            |       |     1 |     7 |     2 ||    10
       Scroll            |       |       |    20 |     4 ||    24
 Stab: Distracted        |       |     1 |     2 |     5 ||     8
       Sleeping          |       |       |     3 |       ||     3
       Invisible         |       |       |     3 |       ||     3
  Eat: Chunk             |     2 |     9 |    14 |    20 ||    45
       Fruit             |       |       |     3 |     2 ||     5
       Royal jelly       |       |       |     1 |       ||     1
Armor: Robe              |    11 |       |       |       ||    11
       Scale mail        |    54 |    85 |    32 |       ||   171
       Ring mail         |       |       |    78 |    87 ||   165
Dodge: Dodged            |    81 |   103 |   197 |   137 ||   518
Block: Buckler           |       |       |       |    60 ||    60
       Rpst.: Falchion   |    19 |       |       |       ||    19

Table legend:
 A = Spawn XP
 B = Non-spawn XP
 C = Spawn XP percentage of total XP
 D = Spawn monster count
 E = Non-spawn monster count
 F = Spawn count percentage of total count
 G = Total turns spent on level
                    A         B        C        D         E        F      G
               +---------+---------+-------+---------+---------+-------+---------
         Total |    2854 |   19508 |  12.8 |      47 |     291 |  13.9 | 12907
               +---------+---------+-------+---------+---------+-------+---------
           D:1 |       7 |      23 |  23.3 |       5 |      14 |  26.3 |   938
           D:2 |       0 |      82 |   0.0 |       0 |      28 |   0.0 |   770
           D:3 |      60 |     219 |  21.5 |       9 |      18 |  33.3 |  1239
           D:4 |      15 |     599 |   2.4 |       2 |       9 |  18.2 |  1177
           D:5 |     169 |     652 |  20.6 |       2 |      16 |  11.1 |  1175
           D:6 |     202 |     786 |  20.4 |       4 |      22 |  15.4 |  1242
           D:7 |     117 |    1259 |   8.5 |       3 |      28 |   9.7 |   973
           D:8 |     219 |    1370 |  13.8 |       6 |      45 |  11.8 |  1295
           D:9 |    1302 |    1438 |  47.5 |       8 |      32 |  20.0 |   922
          D:10 |     382 |    4156 |   8.4 |       7 |      42 |  14.3 |  1293
        Lair:1 |       0 |    4116 |   0.0 |       0 |      22 |   0.0 |  1196
        Lair:2 |     381 |    4808 |   7.3 |       1 |      15 |   6.2 |   687
               +---------+---------+-------+---------+---------+-------+---------
